 Dungeon Crawl Stone Soup version 0.31-a0-435-g2c6fae2916 (webtiles) character file.

Game seed: 11261350915503244088

4074 innerfire43 the Grave Robber (level 10, -1/74 HPs)
             Began as a Demonspawn Monk on Aug 1, 2023.
             Was a Follower of Yredelemnul.
             Slain by a spriggan
             ... wielding a +0 spear
              (3 damage)
             ... in a bailey.
             The game lasted 00:09:14 (6829 turns).

innerfire43 the Grave Robber (Demonspawn Monk)      Turns: 6829, Time: 00:09:15

Health: -1/74      AC:  5    Str: 12    XL:     10   Next: 5%
Magic:  10/10      EV: 15    Int: 15    God:    Yredelemnul [*.....]
Gold:   137        SH:  0    Dex: 23    Spells: 9/9 levels left

rFire   . . .        v - +8 dagger of the Messenger {pain, Str-2 Int+4 Dex+3}
rCold   . . .        d - orb {light}
rNeg    . . .        b - +0 robe
rPois   .            (helmet currently unavailable)
rElec   .            (cloak currently unavailable)
rCorr   .            A - melded +2 pair of gloves {Dex+3}
SInv    .            (boots currently unavailable)
Will    .....        (no amulet)
Stlth   +            (no ring)
HPRegen 0.32/turn    (no ring)
MPRegen 0.12/turn

%: random rage (3%)
@: beast-form, glowing, unable to drink, very slow
A: beast (slay +3), horns 1, thin metallic scales 2, powered by pain 2, spiny 1,
agile 1, berserk 1, inability to drink after injury 1
a: Begin Untransformation, Renounce Religion, Recall Undead Harvest


You were in a bailey.
You worshipped Yredelemnul.
Yredelemnul was noncommittal.
You were a hulking beast.
You visited 1 branch of the dungeon, and saw 7 of its levels.
You also visited: Ossuary and Bailey.

You collected 416 gold pieces.
You spent 279 gold pieces at shops.

Inventory:

Hand Weapons
 a - a +0 hand axe
 t - a +2 whip of flaming
 v - the +8 dagger of the Messenger (weapon) {pain, Str-2 Int+4 Dex+3}
   (You found it on level 4 of the Dungeon)

   Str:       It affects your strength (-2).
   Int:       It affects your intelligence (+4).
   Dex:       It affects your dexterity (+3).
Missiles
 g - 2 javelins
Armour
 b - a +0 robe (worn)
 d - an orb of light (worn)
 j - an orb of guile
 A - a +2 pair of gloves of dexterity (melded)
Jewellery
 D - a +4 ring of protection
Talismans
 p - a beast talisman (active)
Wands
 h - a wand of flame (33)
 i - a wand of acid (8)
Scrolls
 c - 5 scrolls of teleportation
 m - 2 scrolls of noise
 n - a scroll of amnesia {unknown}
 u - 11 scrolls of identify
 x - a scroll of torment {unknown}
 y - a scroll of brand weapon {unknown}
 z - a scroll of immolation {unknown}
 E - a scroll of poison {unknown}
Potions
 e - 3 potions of attraction
 f - a potion of lignification
 l - a potion of cancellation {unknown}
 o - 2 potions of ambrosia
 q - 6 potions of curing {unknown}
 r - 2 potions of heal wounds {unknown}
 s - a potion of degeneration {unknown}
 w - 2 potions of haste {unknown}
 B - a potion of resistance {unknown}
 C - a potion of brilliance {unknown}


   Skills:
 - Level 5.2 Fighting
 * Level 6.3 Short Blades
 - Level 4.9 Axes
 - Level 4.3 Dodging
 * Level 7.7 Necromancy
 * Level 5.6 Shapeshifting


You had 9 spell levels left.
You didn't know any spells.
Your spell library contained the following spells:

 Spells                   Type           Power      Damage    Failure   Level
 Necrotise                Necr           92%        1d8       1%          1
 Vampiric Draining        Necr           23%        2d7       3%          3
 Agony                    Necr           23%        N/A       32%         5
 Poisonous Vapours        Pois/Air       0%         N/A       38%         2
 Ignite Poison            Fire/Tmut/Pois 0%         N/A       63%         3
 Mephitic Cloud           Conj/Pois/Air  0%         N/A       63%         3
 Portal Projectile        Hex/Tloc       0%         N/A       63%         3
 Tukima's Dance           Hex            0%         N/A       63%         3
 Iskenderun's Mystic Bla  Conj/Tloc      0%         2d3       95%         4
 Sticky Flame             Conj/Fire      0%         2d3       95%         4
 Freezing Cloud           Conj/Ice/Air   0%         6-21      100%        5
 Ignition                 Fire           0%         3d3       100%        8


Dungeon Overview and Level Annotations

Branches:
Dungeon (7/15)             Temple (0/1) D:4         Ossuary (visited)
 Bailey (1/1)

Altars:
Nemelex Xobeh
Uskayaw
Vehumet
Yredelemnul

Shops:
D:5 [(=   D:6 *


Innate Abilities, Weirdness & Mutations

You are a hulking beast.
Your limbs bulge with bestial killing power. (Slay +3)
You have a pair of small horns on your head.
You are mostly covered in thin metallic scales. (AC +3)
You sometimes gain power by taking damage.
You are partially covered in sharp spines.
You are agile. (Dex +4, Str/Int -1)
You sometimes lose your temper in combat.
You occasionally lose the ability to drink potions when taking damage.


Message History

The ogre misses you.
There are monsters nearby!
You are too injured to fight recklessly!
You are too injured to fight recklessly!
There are monsters nearby!
You are too injured to fight recklessly!
There are monsters nearby!
You are too injured to fight recklessly!
There are monsters nearby!
Unknown command.
You hit the ogre.
You kill the ogre!
You hear a splash.
You have reached level 10!
Your unstable footing causes you to fumble your attack.
The spriggan is struck by your spines. The spriggan closely misses you.
The spriggan hits you from afar with a +0 spear.
Unknown command.
You hit the spriggan.
The spriggan writhes in agony.
The spriggan is almost dead.
The spriggan is struck by your spines.
You kill the spriggan!
You hear a splash.
The dead are walking!
The spriggan misses you.
Unknown command.
The spriggan hits you with a +0 spear!
* * * LOW HITPOINT WARNING * * *
You see here a +0 spear.
You barely miss the spriggan. You headbutt the spriggan!
The spriggan is heavily wounded.
A spriggan comes into view. It is wielding a +0 spear.
The spriggan hits you with a +0 spear!
* * * LOW HITPOINT WARNING * * *
Unknown command.
You cannot drink potions in your current state!
Unknown command.
You swap places.
The spriggan hits you from afar with a +0 spear.
You die...
Your body rises from the dead as a mindless zombie.

#########
##.......##
##.).......##
##..#######..##
##..## ..##..##
##..♣♣ i.#♣..##
##..♣# ..♣...#
~~..# ♣.#...#
~~..# ♣.#h).#
~~..# ♣iZ)..#
~~..# ♣.#~..#
~~..# ♣.#...#
##..# ..♣...#
##..# ..##..##
#.. ..# ..##
### .##


You could see a spriggan (ally target) and a friendly spriggan zombie.

Vanquished Creatures
  Sigmund (D:2)
  3 spriggans (Bailey)
  A water moccasin (D:5)
  A sky beast (D:6)
  A hornet zombie (Ossuary)
  A black bear (D:7)
  4 ogres
  2 centaurs
  2 phantoms (D:4)
  2 bullfrogs (D:6)
  A wyvern zombie (Ossuary)
  3 water moccasin zombies (Ossuary)
  3 scorpions
  5 wights (D:6)
  5 electric eels (D:6)
  2 howler monkeys (D:4)
  2 bullfrog zombies (Ossuary)
  5 centaur zombies (Ossuary)
  2 hounds
  3 jellies
  A gnoll bouda (D:7)
  A bullfrog skeleton (D:4)
  A sleepcap (D:6)
  Natasha (thrice) (D:2)
  3 iguanas
  4 killer bee zombies (Ossuary)
  A hound skeleton (D:4)
  10 mummies (Ossuary)
  3 howler monkey zombies
  8 gnolls
  6 adders
  A shadow imp (D:5)
  2 white imps
  An ufetubus (D:5)
  2 adder skeletons (D:4)
  2 worms (D:4)
  A dart slug (D:2)
  9 orcs
  5 bats
  9 endoplasms
  2 giant cockroaches
  12 goblins
  7 hobgoblins
  4 jackals (D:2)
  5 quokkas
  2 ball pythons
  2 frilled lizards
  6 kobolds
  A quokka zombie (D:5)
  7 rats
  A rat zombie (D:5)
171 creatures vanquished.

Vanquished Creatures (collateral kills)
  Menkaure (D:5)
  A centaur zombie (D:4)
  An iguana (D:5)
  A shadow imp (D:5)
  A giant cockroach (D:4)
  2 goblins
  A hobgoblin (D:1)
8 creatures vanquished.

Vanquished Creatures (others)
  An ogre zombie (D:6)
  A gnoll (D:6)
  An iguana zombie (D:5)
  A spectral white imp (D:6)
  A bat zombie (D:3)
  2 endoplasm zombies
  A giant cockroach zombie (D:2)
  A gnoll zombie (D:6)
  2 orc zombies (D:6)
  A rat zombie (D:3)
12 creatures vanquished.

Grand Total: 191 creatures vanquished

Notes
Turn   | Place    | Note
-------+----------+-------------------------------------------
     0 | D:1      | innerfire43 the Demonspawn Monk began the quest for the
                  | Orb.
     0 | D:1      | Reached XP level 1. HP: 18/18 MP: 1/1
   223 | D:1      | Gained mutation: You have a pair of small horns on your
                  | head. [demonic ancestry]
   223 | D:1      | Reached XP level 2. HP: 22/24 MP: 2/2
   339 | D:1      | Found a faded altar of an unknown god.
   341 | D:1      | Prayed at the altar of an unknown god.
   341 | D:1      | Became a worshipper of Yredelemnul the Dark
   518 | D:1      | Reached * piety under Yredelemnul
   778 | D:2      | Noticed Sigmund
   796 | D:2      | Killed Sigmund
   797 | D:2      | Reached XP level 3. HP: 5/31 MP: 3/3
   797 | D:2      | Gained mutation: You are partially covered in thin metallic
                  | scales. (AC +2) [demonic ancestry]
   797 | D:2      | Reached XP level 4. HP: 6/38 MP: 4/4
   797 | D:2      | Gained mutation: You are partially covered in sharp spines.
                  | [demonic ancestry]
   797 | D:2      | Reached XP level 5. HP: 7/43 MP: 5/5
   971 | D:2      | Noticed Natasha
   983 | D:2      | Killed Natasha
  1114 | D:2      | Reached ** piety under Yredelemnul
  1243 | D:2      | Noticed Natasha
  1250 | D:2      | Killed Natasha
  1251 | D:2      | Gained mutation: You are mostly covered in thin metallic
                  | scales. (AC +3) [demonic ancestry]
  1251 | D:2      | Reached XP level 6. HP: 39/49 MP: 6/6
  1273 | D:2      | Noticed Natasha
  1279 | D:2      | Killed Natasha
  1649 | D:2      | Reached *** piety under Yredelemnul
  2716 | D:4      | Found a staircase to the Ecumenical Temple.
  2765 | D:4      | Reached skill level 5 in Fighting
  2775 | D:4      | Reached skill level 1 in Shapeshifting
  2890 | D:4      | Reached XP level 7. HP: 53/56 MP: 7/7
  3345 | D:4      | Identified the +8 dagger of the Messenger {pain, Str-2
                  | Int+4 Dex+3}
  3653 | D:5      | Entered Level 5 of the Dungeon
  3745 | D:5      | Reached skill level 1 in Short Blades
  3745 | D:5      | Reached skill level 1 in Necromancy
  3800 | D:5      | Reached skill level 2 in Necromancy
  3800 | D:5      | Gained mutation: You sometimes gain a little power by
                  | taking damage. [demonic ancestry]
  3800 | D:5      | Reached XP level 8. HP: 50/62 MP: 8/8
  3886 | D:5      | Found Duoliy's Weapon Emporium.
  3892 | D:5      | Found Xunen's Jewellery Emporium.
  4047 | D:5      | Noticed Menkaure
  4068 | D:5      | Killed Menkaure
  4069 | D:5      | Reached skill level 3 in Necromancy
  4196 | D:5      | Found a sand-covered staircase.
  4214 | Ossuary  | Entered an ossuary
  4318 | Ossuary  | Reached skill level 4 in Necromancy
  4460 | Ossuary  | Gained mutation: You sometimes lose your temper in combat.
                  | [potion of mutation]
  4460 | Ossuary  | Gained mutation: You occasionally lose the ability to drink
                  | potions when taking damage. [potion of mutation]
  4460 | Ossuary  | Gained mutation: You are agile. (Dex +4, Str/Int -1)
                  | [potion of mutation]
  4471 | Ossuary  | Reached skill level 5 in Necromancy
  4544 | Ossuary  | Gained mutation: You sometimes gain power by taking damage.
                  | [demonic ancestry]
  4544 | Ossuary  | Reached XP level 9. HP: 45/68 MP: 9/9
  4929 | D:5      | Found Camuivvu's Armour Boutique.
  4937 | D:5      | Bought a +2 pair of gloves of dexterity for 279 gold pieces
  5287 | D:6      | Found Sopp's General Store.
  5303 | D:6      | Reached skill level 6 in Necromancy
  5381 | D:6      | Reached skill level 5 in Short Blades
  5776 | D:6      | Reached skill level 5 in Shapeshifting
  6230 | D:6      | Found a hide-covered altar of Uskayaw.
  6232 | D:6      | Found a radiant altar of Vehumet.
  6237 | D:6      | Found a sparkling altar of Nemelex Xobeh.
  6660 | D:7      | Reached skill level 7 in Necromancy
  6713 | D:7      | Found a flagged portal.
  6738 | Bailey   | Entered a bailey
  6825 | Bailey   | Reached XP level 10. HP: 29/74 MP: 10/10
  6828 | Bailey   | HP: 2/74 [spriggan/+0 spear (11)]
  6829 | Bailey   | Slain by a spriggan

Illustrated notes

Levels and vault maps discovered:
D:1:      eino_arrival_cavern_c, layout_basic, chequers_ecumenical_altar_twisty,
          st_stairs_2
D:2:      minmay_wonky_spiral, layout_loops_ring, uniq_natasha, uniq_sigmund
D:3:      layout_loops_corners, small_statue_intersection
D:4:      layout_loops_ring, elyvilon_altar_1, minmay_temple_entry_from_below_b,
          minmay_misc_feat_square, dilly_guarded_unrand_morg
D:5:      layout_loops_ring, serial_shops, shop, shop, shop, enter_ossuary_4,
          uniq_menkaure
D:6:      layout_rooms, grunt_temple_overflow_diamond, serial_bayou,
          serial_bayou_shore_a, serial_bayou_ford_a, serial_bayou_crossing,
          serial_bayou_pond_d, serial_shops, shop
D:7:      layout_loops_ring, lemuel_doored_altar, enter_bailey_5
Bailey:   bailey_polearm_enchanted_keep_hellmonk, bailey

Skill      XL: |  1  2  3  4  5  6  7  8  9 |
---------------+----------------------------+-----
Axes           | 3 4 |  4.9
Dodging        | 3 4 |  4.3
Fighting       | 4 5 |  5.2
Shapeshifting  | 1 3 4 5 |  5.6
Short Blades   | 1 4 6 |  6.3
Necromancy     | 2 5 7 |  7.7

Action                     |  1- 3 |  4- 6 |  7- 9 | 10-12 || total
---------------------------+-------+-------+-------+-------++-------
  Melee: Hand axe          |    60 |    82 |     6 |       ||   148
         Headbutt          |     6 |    16 |    62 |     1 ||    85
         Whip              |       |       |    33 |       ||    33
         Dagger            |       |       |   242 |     3 ||   245
  Evoke: Wand              |       |       |     3 |       ||     3
    Use: Potion            |       |     1 |     5 |       ||     6
         Scroll            |       |     4 |       |       ||     4
   Stab: Distracted        |       |       |     1 |       ||     1
 Armour: Robe              |    11 |    24 |    55 |       ||    90
  Dodge: Dodged            |    43 |    44 |   186 |     2 ||   275
   Form: Beast             |       |       |     2 |       ||     2
                           |       |       |     1 |       ||     1

Table legend: (Time is in decaauts)
 A = Elapsed time spent in this place.
 B = Non-inter-level travel time spent in this place.
 C = Inter-level travel time spent in this place.
 D = Time resting spent in this place.
 E = Time spent auto-exploring this place.
 F = Levels seen in this place.
 G = Mean time per level.
                   A        B        C        D        E       F      G
               +--------+--------+--------+--------+--------+-----+--------+
         Total |   6901 |   6686 |    215 |      0 |   5555 |   9 |  766.8 |
       Dungeon |   6137 |   5922 |    215 |      0 |   5018 |   7 |  876.7 |
       Ossuary |    674 |    674 |      0 |      0 |    467 |   1 |  674.0 |
        Bailey |     89 |     89 |      0 |      0 |     69 |   1 |   89.0 |
               +--------+--------+--------+--------+--------+-----+--------+

Top non-repeatable levels by time:
     D:6: 1398 daAuts
     D:2: 977 daAuts
     D:5: 973 daAuts
     D:4: 959 daAuts
     D:3: 949 daAuts
     D:1: 780 daAuts
 Ossuary: 674 daAuts
     D:7: 98 daAuts
  Bailey: 89 daAuts
